 Dungeon Crawl Stone Soup version 0.24.0-37-gcf1ca852f1 (webtiles) character file.

Game seed: 12135339587086552665, levelgen mode: deterministic

217 mortelune the Firebug (level 5, -6/28 HPs)
             Began as a Deep Elf Fire Elementalist on Dec 7, 2019.
             Was an Initiate of Vehumet.
             Killed from afar by an orc wizard (10 damage)
             ... with a puff of frost
             ... on level 3 of the Dungeon.
             The game lasted 00:06:10 (3142 turns).

mortelune the Firebug (Deep Elf Fire Elementalist)  Turns: 3142, Time: 00:06:10

Health: -6/28      AC:  5    Str:  5    XL:     5   Next: 62%
Magic:  4/13       EV: 13    Int: 21    God:    Vehumet [......]
Gold:   192        SH:  0    Dex: 15    Spells: 2/12 levels left

rFire    . . .     SeeInvis .   b - +0 whip
rCold    . . .     Gourm    .   (no shield)
rNeg     . . .     Faith    .   a - +0 robe
rPois    .         Spirit   .   (no helmet)
rElec    .         Reflect  .   r - +2 cloak
rCorr    .         Harm     .   (no gloves)
MR       .....                  (no boots)
Stlth    ++........             (no amulet)
HPRegen  0.09/turn              (no ring)
MPRegen  0.13/turn              (no ring)

@: no status effects
A: no striking features
a: Renounce Religion


You were on level 3 of the Dungeon.
You worshipped Vehumet.
Vehumet was noncommittal.
You were not hungry.

You visited 1 branch of the dungeon, and saw 3 of its levels.

You collected 192 gold pieces.

Inventory:

Hand Weapons
 b - a +0 whip (weapon)
Armour
 a - a +0 robe (worn)
 r - a +2 cloak (worn)
Jewellery
 f - a +3 ring of dexterity {unknown}
 n - an uncursed ring of ice {unknown}
Wands
 l - a wand of clouds (2)
 p - a wand of random effects (14)
 u - a wand of iceblast (8)
Scrolls
 h - a scroll of fog {unknown}
 k - a scroll of magic mapping {unknown}
 m - a scroll of amnesia {unknown}
 v - a scroll of remove curse {unknown}
Potions
 d - a potion of brilliance {unknown}
 e - 2 potions of heal wounds {unknown}
 g - a potion of haste {unknown}
 i - a potion of might {unknown}
 j - a potion of lignification {unknown}
 q - a potion of flight {unknown}
 s - a potion of ambrosia {unknown}
 t - a potion of degeneration {unknown}
Comestibles
 c - 4 rations
 o - 5 chunks of flesh


   Skills:
 + Level 2.5 Dodging
 - Level 2.4 Stealth
 + Level 4.3 Spellcasting
 * Level 3.8 Conjurations
 * Level 5.1 Fire Magic


You had 2 spell levels left.
You knew the following spells:

 Your Spells              Type           Power        Failure   Level  Hunger
a - Flame Tongue          Conj/Fire      ###..        1%          1    None
b - Throw Flame           Conj/Fire      ###...       2%          2    #......
c - Conjure Flame         Conj/Fire      ###.....     5%          3    ##.....
d - Sticky Flame          Conj/Fire      ###.....     19%         4    ####...

Your spell library contained the following spells:

 Spells                   Type           Power        Failure   Level  Hunger
 Animate Skeleton         Necr           N/A          12%         1    None
 Apportation              Tloc           #.....       12%         1    None
 Confusing Touch          Hex            #.....       12%         1    None
 Summon Small Mammal      Summ           #...         12%         1    None
 Inner Flame              Hex/Fire       ###.....     12%         3    ##.....
 Fireball                 Conj/Fire      ###.......   45%         5    ######.


Dungeon Overview and Level Annotations

Branches:
Dungeon (3/15)

Altars:
Dithmenos
Okawaru
Qazlal
Trog
Vehumet


Message History

You kill the orc!
Vehumet accepts your kill.
A magic dart appears from out of thin air!
The magic dart hits you.
A magic dart appears from out of thin air!
The magic dart hits you!
Casting: Throw Flame (safe; 2% risk of failure)
Confirm with . or Enter, or press ? or * to list all spells.
Aiming: Throw Flame (safe; 2% risk of failure)
Press: ? - help, Shift-Dir - straight line A puff of frost appears from out of thin air!
The puff of frost hits you!
* * * LOW HITPOINT WARNING * * *
A puff of flame appears from out of thin air!
The puff of flame hits you.
* * * LOW HITPOINT WARNING * * *
A quokka comes into view.
A puff of frost appears from out of thin air!
The puff of frost hits you!
You die...

...###......# #......########
...'.'......+ +......'.....).
...###......######......##.#####
.÷.# #........÷.........# # ...#
#.(.............)..# ####
#...............####
#......########## ####...#######
#.......@.# ##.######.# §§§§#.#§
r# §§§§#.#§§ .. #§§§§#.#§§§ #..
#§§§§#_#§§§§ #.# #§§§§###§§§§#
.. §§§§§8§ #.#


You could see a quokka (sleeping).

Vanquished Creatures
  Purgy (D:2)
  Crazy Yiuf (D:2)
  Robin (D:2)
  An adder (D:2)
  2 worms (D:2)
  2 dart slugs
  2 leopard geckos (D:1)
  2 orcs (D:3)
  3 bats (D:2)
  A giant cockroach (D:2)
  11 goblins
  11 hobgoblins
  2 jackals (D:2)
  3 kobolds
  A quokka (D:2)
  A frilled lizard (D:1)
  9 rats
54 creatures vanquished.

Notes
Turn   | Place    | Note
-------+----------+-------------------------------------------
     0 | D:1      | mortelune the Deep Elf Fire Elementalist began the quest
                  | for the Orb.
     0 | D:1      | Reached XP level 1. HP: 10/10 MP: 6/6
   441 | D:1      | Reached XP level 2. HP: 15/15 MP: 6/8
   462 | D:1      | Learned a level 2 spell: Throw Flame
   825 | D:1      | You fall into a shaft and drop 1 floor!
   829 | D:2      | Found a shadowy altar of Dithmenos.
   916 | D:2      | Reached XP level 3. HP: 19/19 MP: 4/9
  1174 | D:1      | Learned a level 3 spell: Conjure Flame
  1194 | D:1      | Reached skill level 4 in Fire Magic
  1824 | D:2      | Found a radiant altar of Vehumet.
  1849 | D:2      | Became a worshipper of Vehumet
  1886 | D:2      | Found a bloodstained altar of Trog.
  1972 | D:2      | Found a runed translucent door.
  1973 | D:2      | Noticed Crazy Yiuf
  2241 | D:2      | Noticed Robin
  2322 | D:2      | Found an iron altar of Okawaru.
  2431 | D:2      | Killed Robin
  2431 | D:2      | Reached XP level 4. HP: 24/24 MP: 2/11
  2581 | D:2      | Learned a level 4 spell: Sticky Flame
  2585 | D:2      | Killed Crazy Yiuf
  2792 | D:3      | Noticed Purgy
  2897 | D:2      | Killed Purgy
  2897 | D:2      | Reached skill level 5 in Fire Magic
  2897 | D:2      | Reached XP level 5. HP: 24/28 MP: 8/13
  3043 | D:3      | Found a stormy altar of Qazlal.
  3142 | D:3      | Killed from afar by an orc wizard

Levels and vault maps discovered:
D:1:      roderic_crop_circles_arrival_small, layout_basic
D:2:      layout_rooms, vehumet_crystals, nicolae_overflow_crystal_walls,
          okawaru_metal_pillars_1_2, lemuel_doored_altar,
          uniq_crazy_yiuf_cottage, uniq_robin
D:3:      layout_basic, nicolae_qazlal_eye_of_the_storm, minmay_unequal,
          uniq_purgy

Skill      XL: |  1  2  3  4 |
---------------+-------------+-----
Conjurations   | 2 3 |  3.8
Fire Magic     | 4 5 |  5.1
Spellcasting   | 4 |  4.3
Dodging        | |  2.5
Stealth        | |  2.4

Action                   |  1- 3 |  4- 6 || total
-------------------------+-------+-------++-------
Melee: Whip              |     3 |       ||     3
 Cast: Flame Tongue      |    33 |     6 ||    39
       Throw Flame       |    33 |    14 ||    47
       Conjure Flame     |     1 |     1 ||     2
       Sticky Flame      |       |     3 ||     3
  Eat: Chunk             |     5 |     3 ||     8
Armor: Robe              |       |     5 ||     5
Dodge: Dodged            |     7 |     4 ||    11
